 Dungeon Crawl Stone Soup version 0.30-a0-1043-g60ff8d5f49 (webtiles) character file.

Game seed: 1738855161975591990

4103 NinjaNoafa the Thaumaturge (level 10, -1/75 HPs)
             Began as a Grey Draconian Conjurer on Apr 10, 2023.
             Was a Believer of Vehumet.
             Slain by a killer bee (4 damage)
             ... on level 8 of the Dungeon.
             The game lasted 00:50:13 (7123 turns).

NinjaNoafa the Thaumaturge (DrCj)                   Turns: 7123, Time: 00:50:13

Health: -1/75      AC:  0    Str: 10    XL:     10   Next: 6%
Magic:  11/24      EV: 14    Int: 22    God:    Vehumet [**....]
Gold:   155        SH:  0    Dex: 10    Spells: 21/29 levels left

rFire   . . .      SeeInvis .    a - melded staff of conjuration
rCold   . . .      Faith    .    (shield currently unavailable)
rNeg    . . .      Spirit   .    (body armour unavailable)
rPois   .          Reflect  .    (helmet currently unavailable)
rElec   .          Rampage  .    p - melded +0 cloak
rCorr   .                        (gloves currently unavailable)
Will    .....                    t - melded +0 pair of boots
Stlth   ++                       w - amulet of regeneration
HPRegen 1.12/turn                q - melded ring of protection from fire
MPRegen 0.19/turn                y - melded +6 ring of dexterity

@: brilliant, lethally poisoned (-1 -> -2), about to teleport, pig-form, very
quick
A: fast, no casting, AC +12, (amphibious), small, unfitting armour,
(cold-blooded)
a: Renounce Religion


You were on level 8 of the Dungeon.
You worshipped Vehumet.
Vehumet was pleased with you.
You were a filthy swine.
You visited 2 branches of the dungeon, and saw 9 of its levels.

You collected 351 gold pieces.
You spent 196 gold pieces at shops.

Inventory:

Hand Weapons
 b - a +5 dagger
Missiles
 r - 2 boomerangs
 B - 23 poisoned darts
 F - a curare-tipped dart
 I - 2 throwing nets
Armour
 p - a +0 cloak (melded)
 t - a +0 pair of boots (melded)
Magical Staves
 a - a staff of conjuration (melded)
 c - a staff of earth
Jewellery
 q - a ring of protection from fire (melded)
 w - an amulet of regeneration (around neck)
 y - a +6 ring of dexterity (melded)
Wands
 e - a wand of polymorph (10)
 G - a wand of iceblast (5)
 H - a wand of mindburst (32)
Scrolls
 d - a scroll of teleportation
 f - 3 scrolls of noise {unknown}
 g - a scroll of torment {unknown}
 l - 3 scrolls of fog
 n - a scroll of enchant weapon {unknown}
 o - 3 scrolls of magic mapping {unknown}
 u - a scroll of fear {unknown}
 v - 2 scrolls of vulnerability {unknown}
 z - a scroll of enchant armour {unknown}
 C - 2 scrolls of brand weapon {unknown}
Potions
 h - a potion of berserk rage {unknown}
 i - a potion of lignification
 k - a potion of mutation
 m - a potion of magic
 s - 3 potions of attraction
 x - 5 potions of brilliance
 A - 2 potions of haste
 D - 2 potions of might
 E - 2 potions of cancellation
 J - a potion of curing
 K - a potion of flight


   Skills:
 + Level 2.8 Fighting
 + Level 3.1 Dodging
 - Level 1.7 Stealth
 - Level 10.0 Spellcasting
 - Level 7.0 Conjurations
 - Level 7.0 Translocations
 + Level 1.0 Evocations


You had 21 spell levels left.
You knew the following spells:

 Your Spells              Type           Power      Damage    Failure   Level
a - Magic Dart            Conj           100%       1d8       1%          1
b - Searing Ray           Conj           100%       2d8       1%          2
c - Shock                 Conj/Air       100%       1d9       1%          1
i - Iskenderun's Mystic   Conj/Tloc      58%        2d12      3%          4

Your spell library contained the following spells:

 Spells                   Type           Power      Damage    Failure   Level
 Kiss of Death            Conj/Necr      100%       2d13      1%          1
 Dazzling Flash           Conj/Hex       78%        N/A       4%          3
 Vhi's Electric Charge    Tloc/Air       78%        N/A       4%          3
 Fulminant Prism          Conj/Hex       19%        3d10      14%         4
 Arcjolt                  Conj/Air       19%        1d29      36%         5
 Conjure Ball Lightning   Conj/Air       19%        3x3d6     91%         6
 Discord                  Hex            8%         N/A       100%        8
 Disjunction              Tloc           29%        N/A       100%        8
 Maxwell's Capacitive Co  Air            8%         ∞         100%        8


Dungeon Overview and Level Annotations

Branches:
Dungeon (8/15)             Temple (1/1) D:4
   Lair: D:8-11

Altars:
Ashenzari
Cheibriados
Fedhas
Gozag
Hepliaklqana
Kikubaaqudgha
Makhleb
Okawaru
Qazlal
Ru
Sif Muna
Uskayaw
Vehumet
Xom
Yredelemnul
Zin
The Shining One

Shops:
D:5 (   D:7 !


Innate Abilities, Weirdness & Mutations

You are a filthy swine.
You move quickly.
Your equipment is almost entirely melded.
You are incapable of wielding weapons or throwing items.
You cannot cast spells.
((Your dull iron-grey scales are very hard. (AC +12)))
((You are amphibious.))
You cannot fit into any form of body armour.
((You are cold-blooded and may be slowed by cold attacks.))


Message History

Vehumet accepts your kill.
You feel your power returning.
The mystic blast hits the killer bee.
The killer bee is moderately wounded.
The killer bee is knocked back by the mystic blast.
The killer bee slams into the rock wall!
The killer bee is almost dead.
The mystic blast hits the wyvern!
The wyvern is severely wounded.
The wyvern is knocked back by the mystic blast.
You feel very sick.
The centaur shoots an arrow.
The arrow hits you!
* * * LOW HITPOINT WARNING * * *
The centaur zaps a wand.
You turn into a filthy swine.
Your staff of conjuration melds into your body.
Your +0 cloak melds into your body.
Your +0 pair of boots melds into your body.
Your ring of protection from fire melds into your body.
Your +6 ring of dexterity melds into your body.
You feel clumsy. The killer bee barely misses you.
Your Evocations skill increases to level 1!
You feel much better.
You feel very sick. The killer bee stings you.
* * * LOW HITPOINT WARNING * * *
The orc priest begins to cast a cantrip, but forgets the words!
The wyvern barely misses you.
A wight comes into view. It is wielding a +0 falchion.
The killer bee stings you!
* * * LOW HITPOINT WARNING * * *
Unknown command.
Unknown command.
As you read the scroll of teleportation, it crumbles to dust.
You feel strangely unstable.
You feel sick. The killer bee stings you!
* * * LOW HITPOINT WARNING * * *
The wyvern bites you.
* * * LOW HITPOINT WARNING * * *
The centaur shoots an arrow.
The arrow barely misses you. The killer bee stings you.
You die...

... ## .. .. z. .# .
## #.##..# .. . #z
#..#..#... .. #.
#..#......... .. #.
#...........
###.##.#####h.....<..
.......zz.yyl{......#
..........ooo..c....#
........###.........##
.....................#
.......##..#..##..##
..#...###..#.#....#
.......#...#.#.##.#
............)..##.##


You could see an orc warrior, a wyvern, a centaur, 2 killer bees, 3 wights, an
orc priest and an orc.

Vanquished Creatures
  A two-headed ogre (D:8)
  Pikel (D:5)
  A hornet (D:7)
  A steam dragon (D:6)
  Edmund (D:4)
  Duvessa (D:5)
  A water moccasin (D:7)
  2 orc warriors
  A sky beast (D:6)
  An ice beast (D:5)
  2 ogres (D:4)
  2 centaurs
  2 lemures (D:5)
  A phantom (D:6)
  Blork the orc (D:5)
  2 kobold brigands
  A scorpion (D:5)
  Dowan (D:5)
  3 killer bees (D:8)
  3 hounds
  2 jellies
  9 orc priests
  A gnoll bouda (D:7)
  3 sleepcaps
  5 iguanas
  10 orc wizards
  9 adders
  10 gnolls
  2 dart slugs
  34 orcs
  5 ball pythons
  3 bats (D:3)
  8 endoplasms
  A giant cockroach (D:2)
  2 goblins
  3 hobgoblins
  A jackal (D:5)
  A quokka (D:5)
  3 frilled lizards
  15 kobolds
  3 rats
159 creatures vanquished.

Vanquished Creatures (others)
  An orc priest (D:8)
1 creature vanquished.

Grand Total: 160 creatures vanquished

Notes
Turn   | Place    | Note
-------+----------+-------------------------------------------
     0 | D:1      | NinjaNoafa the Draconian Conjurer began the quest for the
                  | Orb.
     0 | D:1      | Reached XP level 1. HP: 14/14 MP: 3/3
   671 | D:1      | Reached XP level 2. HP: 20/20 MP: 0/5
   842 | D:1      | Learned a level 2 spell: Searing Ray
  1369 | D:2      | Reached XP level 3. HP: 26/26 MP: 0/7
  1613 | D:2      | You fall into a shaft and drop 2 floors!
  1705 | D:3      | Reached skill level 3 in Spellcasting
  1705 | D:3      | Reached XP level 4. HP: 33/33 MP: 0/8
  1839 | D:3      | Reached skill level 5 in Conjurations
  1892 | D:3      | Found an ancient bone altar of Kikubaaqudgha.
  1949 | D:3      | Reached skill level 4 in Spellcasting
  1949 | D:3      | Reached XP level 5. HP: 9/38 MP: 0/11
  2732 | D:4      | Noticed Edmund
  2907 | D:4      | Reached skill level 5 in Spellcasting
  2907 | D:4      | Reached XP level 6. HP: 43/45 MP: 5/13
  2913 | D:4      | Found a staircase to the Ecumenical Temple.
  2921 | Temple   | Entered the Ecumenical Temple
  3050 | Temple   | Became a worshipper of Vehumet
  3092 | D:4      | Found a glowing silver altar of Zin.
  3164 | D:4      | Found a hazy altar of Hepliaklqana.
  3269 | D:4      | HP: 2/45 [Edmund/+2 flail of protection (10)]
  3283 | D:5      | Entered Level 5 of the Dungeon
  3311 | D:5      | Noticed Blork the orc
  3615 | D:5      | Reached skill level 1 in Translocations
  3654 | D:5      | Found Xuoc's Weapon Emporium.
  3861 | D:5      | Noticed Pikel
  3910 | D:5      | Noticed Dowan
  3962 | D:5      | Noticed Duvessa
  4005 | D:4      | Reached skill level 6 in Spellcasting
  4073 | D:4      | Killed Edmund
  4074 | D:4      | Your scales start taking on a dull iron-grey colour.
  4074 | D:4      | Reached XP level 7. HP: 38/50 MP: 1/16
  4393 | D:5      | Killed Duvessa
  4394 | D:5      | Killed Dowan
  4662 | D:5      | Killed Blork the orc
  4694 | D:5      | Reached XP level 8. HP: 57/57 MP: 7/18
  4725 | D:5      | Learned a level 4 spell: Iskenderun's Mystic Blast
  5103 | D:4      | Reached skill level 7 in Spellcasting
  5375 | D:5      | Killed Pikel
  5375 | D:5      | Reached * piety under Vehumet
  5375 | D:5      | Offered knowledge of Shock by Vehumet.
  5376 | D:5      | Reached skill level 5 in Translocations
  5788 | D:6      | Reached XP level 9. HP: 62/62 MP: 9/20
  5901 | D:6      | Reached skill level 8 in Spellcasting
  5926 | D:6      | Learned a level 1 spell: Shock
  6463 | D:7      | Offered knowledge of Kiss of Death by Vehumet.
  6592 | D:7      | Paralysed by a hornet for 3 turns
  6601 | D:7      | Reached skill level 9 in Spellcasting
  6666 | D:7      | Reached ** piety under Vehumet
  6870 | D:7      | Found Nueklea's Distillery.
  6879 | D:7      | Bought a potion of curing for 42 gold pieces
  6879 | D:7      | Bought a potion of flight for 42 gold pieces
  6879 | D:7      | Bought a potion of brilliance for 56 gold pieces
  6879 | D:7      | Bought a potion of might for 56 gold pieces
  6932 | D:7      | Found a snail-covered altar of Cheibriados.
  6964 | D:7      | Found an opulent altar of Gozag.
  7022 | D:8      | Noticed a two-headed ogre
  7034 | D:8      | Killed a two-headed ogre
  7035 | D:8      | Reached skill level 10 in Spellcasting
  7038 | D:8      | Reached XP level 10. HP: 60/74 MP: 0/24
  7122 | D:8      | Reached skill level 1 in Evocations
  7123 | D:8      | HP: 3/75 [wyvern (5)]
  7123 | D:8      | Slain by a killer bee

Illustrated notes

Levels and vault maps discovered:
D:1:      sevenhm_arrival_forest_fort_large_2, layout_basic,
          serial_corexii_hall, corexii_hall_statues_t,
          chequers_hall_statues_corner_a
D:2:      layout_loops_ring
D:3:      layout_rooms, nicolae_kikubaaqudgha_miasma_corner,
          serial_co_window_serial, co_window_cross_1, co_window_cross_1,
          co_window_corner_a, co_window_corner_a, co_window_corner_a,
          co_window_paths_c, co_window_corner_b, co_window_of_opportunity_b,
          co_window_2corner, co_window_unsneaky_path_e, glass_columns_b,
          glass_columns_b, glass_columns_b
D:4:      layout_loops_ring, mainiacjoe_overflow_cross_hatched, zin_scriptorium,
          minmay_temple_entry_junction_2, chequers_serial_rivers_marsh,
          uniq_edmund
D:5:      minmay_opposing_rooms, layout_cave_pods, serial_shops,
          nicolae_shop_bloodbath_and_beyond, minivault_5, uniq_blork_the_orc,
          uniq_duvessa, uniq_pikel
D:6:      layout_loops_ring
D:7:      layout_rooms, general_overflow_altar, mainiacjoe_overflow_alcove_2,
          serial_shops, shop, solitary_fountain, nrook_mini_backslash
D:8:      layout_rooms, lair_entry_dummy, grunt_ministairs_2
Temple:   nicolae_temple_godzebo

Skill      XL: |  1  2  3  4  5  6  7  8  9 10 |
---------------+-------------------------------+-----
Spellcasting   | 3 4 5 6 7 10 | 10.0
Conjurations   | 5 6 7 |  7.0
Translocations | 2 3 6 7 |  7.0
Fighting       | 2 |  2.8
Dodging        | 2 3 |  3.1
Evocations     | 1 |  1.0
Stealth        | |  1.7

Action                     |  1- 3 |  4- 6 |  7- 9 | 10-12 || total
---------------------------+-------+-------+-------+-------++-------
  Melee: Unarmed           |     3 |    26 |       |     1 ||    30
         Whip              |     2 |       |       |       ||     2
         Tailslap          |     1 |     1 |     2 |       ||     4
         Short sword       |     8 |     3 |       |       ||    11
         Staff             |       |    12 |     7 |       ||    19
         Dagger            |       |       |     9 |       ||     9
   Cast: Magic Dart        |    32 |    28 |     5 |       ||    65
         Searing Ray       |    10 |    42 |    37 |       ||    89
         Iskenderun's Myst |       |       |    31 |     2 ||    33
         Shock             |       |       |    16 |     1 ||    17
  Evoke: Wand              |       |       |       |     2 ||     2
    Use: Potion            |       |     3 |       |     2 ||     5
         Scroll            |       |     1 |     7 |     1 ||     9
   Stab: Sleeping          |       |     1 |       |       ||     1
 Armour: Skin              |     4 |    44 |    45 |     4 ||    97
  Dodge: Dodged            |    12 |    71 |    62 |    17 ||   162

Table legend: (Time is in decaauts)
 A = Elapsed time spent in this place.
 B = Non-inter-level travel time spent in this place.
 C = Inter-level travel time spent in this place.
 D = Time resting spent in this place.
 E = Time spent auto-exploring this place.
 F = Levels seen in this place.
 G = Mean time per level.
                   A        B        C        D        E       F      G
               +--------+--------+--------+--------+--------+-----+--------+
         Total |   7080 |   6218 |    862 |    584 |   4115 |   9 |  786.7 |
       Dungeon |   6921 |   6105 |    816 |    584 |   4011 |   8 |  865.1 |
        Temple |    158 |    112 |     46 |      0 |    104 |   1 |  158.0 |
               +--------+--------+--------+--------+--------+-----+--------+

Top non-repeatable levels by time:
     D:5: 1699 daAuts
     D:3: 1096 daAuts
     D:4: 1062 daAuts
     D:1: 1052 daAuts
     D:2: 699 daAuts
     D:7: 622 daAuts
     D:6: 614 daAuts
  Temple: 158 daAuts
     D:8: 75 daAuts
